 Dungeon Crawl Stone Soup version 0.32-a0-86-g8db1b9f803 (webtiles) character file.

Game seed: 14979787437584966443

103 Esekla the Sneak (level 4, -2/33 HPs)
             Began as an Octopode Delver on Feb 5, 2024.
             Slain by a gnoll
             ... wielding a +0 whip
             ... led by a gnoll bouda
              (7 damage)
             ... on level 4 of the Dungeon.
             The game lasted 00:05:32 (600 turns).

Esekla the Sneak (Octopode Delver)                   Turns: 600, Time: 00:05:33

Health: -2/33      AC:  1    Str: 11    XL:     4   Next: 79%
Magic:  5/5        EV: 13    Int: 14    God:
Gold:   64         SH:  0    Dex: 13    Spells: 5/5 levels left

rFire   . . .        a - +0 falchion
rCold   . . .        (no shield)
rNeg    . . .        (helmet restricted)
rPois   .            (no amulet)
rElec   .            (no ring)
rCorr   .            (no ring)
SInv    .            (no ring)
Will    .....        (no ring)
Stlth   +++++        (no ring)
HPRegen 0.25/turn    (no ring)
MPRegen 0.09/turn    (no ring)
                     (no ring)

%: no passive effects
@: no status effects
A: almost no armour, amphibious, 8 rings, camouflage 1, gelatinous body 1,
(nimble swimmer 1), tentacles
a: no special abilities


You were on level 4 of the Dungeon.
You visited 2 branches of the dungeon, and saw 3 of its levels.

You collected 64 gold pieces.

Inventory:

Hand Weapons
 a - a +0 falchion (weapon)
 k - a +0 dagger
Wands
 c - a wand of roots (11)
 d - a wand of mindburst (13)
 f - a wand of digging (3)
Scrolls
 b - a scroll of fog
 g - a scroll of amnesia {unknown}
 h - a scroll of identify {unknown}
 j - a scroll of immolation {unknown}
Potions
 e - a potion of mutation {unknown}
 i - a potion of heal wounds {unknown}


   Skills:
 * Level 3.7 Fighting
 + Level 2.3 Long Blades
 + Level 2.2 Dodging
 + Level 7.5 Stealth
 * Level 1.1 Spellcasting
 * Level 1.3 Ice Magic


You had 5 spell levels left.
You didn't know any spells.
Your spell library contained the following spells:

 Spells                   Type           Power      Damage    Failure   Level
 Ozocubu's Armour         Ice            4%         N/A       43%         3
 Fugue of the Fallen      Necr           0%         N/A       61%         3
 Manifold Assault         Tloc           0%         N/A       95%         4


Dungeon Overview and Level Annotations

Branches:
Dungeon (5/15)             Temple (1/1) D:5

Altars:
Ashenzari
Dithmenos
Elyvilon
Fedhas
Kikubaaqudgha
Makhleb
Nemelex Xobeh
Okawaru
Ru
Trog
Uskayaw
Vehumet
Wu Jian
Xom
Zin

Portals:
Ossuary: D:4

Annotations:
D:5 Eustachio, Grinder


Innate Abilities, Weirdness & Mutations

You cannot wear most types of armour.
You are amphibious.
You can wear up to eight rings at the same time.
Your skin changes colour to match your surroundings (Stealth+).
Your rubbery body absorbs attacks. (AC +1, EV +1)
((You are camouflaged when in or above water. (Stealth+)))
You have tentacles for arms and can constrict up to eight enemies at once.


Message History

The gnoll completely misses you.
You hit the gnoll. You grab the gnoll.
The gnoll is heavily wounded.
You constrict the gnoll. The gnoll hits you with a +0 club. x2
A gnoll comes into view. It is wielding a +0 club.
You hit the gnoll.
The gnoll is almost dead.
You constrict the gnoll.
You kill the gnoll!
Aiming: Mindburst
Press: ? - help, Shift-Dir - straight line, f - gnoll
Aim: a gnoll, wielding a +0 club (chance to affect: 72%)
The gnoll's mind is blasted!
You hear a shout!
A gnoll comes into view. It is wielding a +0 whip.
You hit the gnoll.
You kill the gnoll!
Aiming: Mindburst
Press: ? - help, Shift-Dir - straight line, f - gnoll
Aim: a gnoll, wielding a +0 whip (chance to affect: 72%)
The gnoll struggles to resist.
You hit the gnoll but do no damage. You grab the gnoll.
You constrict the gnoll, but do no damage.
The gnoll closely misses you.
You hit the gnoll.
The gnoll is moderately wounded.
You constrict the gnoll. The gnoll hits you with a +0 whip!
You hit the gnoll but do no damage.
You squeeze the gnoll, but do no damage.
The gnoll is heavily wounded.
You constrict the gnoll. The gnoll hits you with a +0 whip!
* * * LOW HITPOINT WARNING * * *
A gnoll bouda comes into view. It is wielding a +0 whip.
The gnoll closely misses you.
You hit the gnoll but do no damage.
You tentacle-slap the gnoll, but do no damage.
The gnoll is severely wounded.
You hear the brisk hiss of an avalanche of sand nearby.
You constrict the gnoll. The gnoll hits you with a +0 whip!
You die...

.$## ##.....#..##.....#
.... ##..#### #....##
..... #.. #....## .....
.. #.....## ...#
#......## #. #.......###
## ###.......#)####.##
#.#.#.............#
#g@........†......#
#g..........##..#...#
#..........###..##..# #
#...##.......###.......
.. .....
#..##...##........ .##
###..##...##.###........
..# #..
##.#.......#...)......
..#####..
#............###.....
....##..###
#...~~~..#....##.##..


You could see a gnoll bouda and a gnoll.

Vanquished Creatures
  An orc priest (D:4)
  A hound (D:4)
  2 gnolls (D:4)
  An adder (D:4)
  3 orcs
  2 endoplasms (D:4)
  A hobgoblin (D:5)
  2 kobolds (D:4)
  A quokka (D:5)
  2 goblins
16 creatures vanquished.

Notes
Turn   | Place    | Note
-------+----------+-------------------------------------------
     0 | D:5      | Esekla the Octopode Delver began the quest for the Orb.
     0 | D:5      | Reached XP level 1. HP: 16/16 MP: 1/1
     1 | D:5      | Noticed a sleepcap
    17 | D:5      | Found a staircase to the Ecumenical Temple.
    19 | D:5      | Noticed an ogre
    32 | D:5      | Noticed a scorpion
   123 | Temple   | Entered the Ecumenical Temple
   145 | D:5      | Noticed Grinder
   149 | D:5      | Noticed Eustachio
   151 | D:5      | Noticed a sleepcap
   153 | D:5      | Noticed a quasit
   153 | D:5      | Noticed a sleepcap
   154 | D:5      | Noticed a crimson imp
   155 | D:5      | Found a radiant altar of Vehumet.
   158 | D:5      | Noticed a black bear
   174 | D:5      | Noticed a bombardier beetle
   218 | D:5      | Noticed a hound
   237 | D:4      | Killed a hound
   238 | D:4      | Reached skill level 7 in Stealth
   238 | D:4      | Reached XP level 2. HP: 9/21 MP: 1/3
   238 | D:4      | Reached XP level 3. HP: 12/26 MP: 1/4
   480 | D:4      | Reached skill level 1 in Spellcasting
   480 | D:4      | Reached skill level 1 in Ice Magic
   480 | D:4      | Reached XP level 4. HP: 23/31 MP: 5/5
   505 | D:4      | Found a sand-covered staircase.
   600 | D:4      | Slain by a gnoll

Illustrated notes

Levels and vault maps discovered:
D:4:      layout_cave_pools, lemuel_round_altar,
          mainiacjoe_ossuary_entry_dusty_tomb, st_stairs_6,
          serial_park_tiny_pond
D:5:      layout_basic, mainiacjoe_overflow_paths,
          minmay_temple_entry_antechambers, uniq_grinder, uniq_eustachio
Temple:   jpeg_temple_clearing

Skill      XL: |  1  2  3 |
---------------+----------+-----
Stealth        | 7 |  7.5
Spellcasting   | 1 |  1.1
Ice Magic      | 1 |  1.3
Fighting       | |  3.7
Long Blades    | |  2.3
Dodging        | |  2.2

Action                     |  1- 3 |  4- 6 || total
---------------------------+-------+-------++-------
  Melee: Falchion          |    21 |    15 ||    36
         Constrict         |     4 |     6 ||    10
         Tentacles         |     4 |     5 ||     9
         Punch             |     1 |     2 ||     3
         Dagger            |       |     2 ||     2
  Evoke: Wand              |       |     2 ||     2
    Use: Scroll            |     2 |       ||     2
         Potion            |     1 |       ||     1
 Armour: Skin              |    13 |     8 ||    21
  Dodge: Dodged            |    18 |     5 ||    23

Table legend: (Time is in decaauts)
 A = Elapsed time spent in this place.
 B = Non-inter-level travel time spent in this place.
 C = Inter-level travel time spent in this place.
 D = Time resting spent in this place.
 E = Time spent auto-exploring this place.
 F = Levels seen in this place.
 G = Mean time per level.
                   A        B        C        D        E       F      G
               +--------+--------+--------+--------+--------+-----+--------+
         Total |    589 |    589 |      0 |     77 |      0 |   3 |  196.3 |
       Dungeon |    588 |    588 |      0 |     77 |      0 |   2 |  294.0 |
        Temple |      1 |      1 |      0 |      0 |      0 |   1 |    1.0 |
               +--------+--------+--------+--------+--------+-----+--------+

Top non-repeatable levels by time:
     D:5: 306 daAuts
     D:4: 281 daAuts
  Temple: 1 daAuts
